AoeStats
← Lance

Arabia

510825167Analyzed
1v1 RM · 1d ago on Oct 2, 2026· 51m 31s· 2 players
Game mode
Random Map
Map size
Tiny (2 player)
Population
200
Speed
Normal
Resources
Standard
Victory
Conquest
Starting age
Dark Age
Ending age
Imperial Age
RankedLock teamsTeams togetherTeam positionsShared explorationLock speedFull tech treeHidden civsTurbo modeCheats
Victory
Defeat
🇷🇺 Maya · Russia
935
+13
🇩🇪 Maya · Germany
869
-13
Lance
6:34 Loom
9:49 Feudal Age
10:17 Double-Bit Axe
10:13 Horse Collar
12:32 Scale Mail Armor
15:33 Forging
15:21 Arson
23:28 Castle Age
23:21 Fletching
23:43 Gold Mining
23:40 Eagle Warrior
24:25 Squires
25:11 Iron Casting
24:52 Chain Mail Armor
27:06 Wheelbarrow
30:20 Heavy Plow
30:41 Bow Saw
33:14 Ballistics
35:38 Bodkin Arrow
43:08 Imperial Age
41:49 Hand Cart
43:19 Elite Plumed Archer
44:39 Holcans
44:19 Capped Ram
46:11 Chemistry
45:07 Murder Holes
46:36 Siege Ram
47:50 Bracer
47:51 Padded Archer Armor
48:51 Blast Furnace
50:03 Elite Eagle Warrior
Kallovai barabashka
0:36 Loom
9:09 Feudal Age
9:50 Double-Bit Axe
15:16 Horse Collar
18:15 Wheelbarrow
22:51 Castle Age
21:48 Gold Mining
21:58 Fletching
22:01 Arson
22:46 Padded Archer Armor
22:46 Scale Mail Armor
22:57 Forging
23:38 Heavy Plow
23:51 Bow Saw
23:48 Crossbowman
24:35 Squires
24:09 Elite Skirmisher
26:00 Town Watch
26:38 Thumb Ring
27:03 Eagle Warrior
31:29 Hand Cart
31:17 Town Patrol
35:01 Treadmill Crane
35:32 Masonry
35:25 Bodkin Arrow
40:34 Imperial Age
39:05 Ballistics
40:45 Leather Archer Armor
41:06 Iron Casting
40:46 Chain Mail Armor
41:38 Conscription
41:54 Hoardings
43:37 Holcans
42:29 Elite Eagle Warrior
43:38 Bracer
43:58 Capped Ram
44:12 Arbalester
47:54 Siege Ram
Connection lost

Rejoining the realm…

Still unreachable

The connection could not be restored.

Session expired

The server has moved on; the page needs a fresh start.